AoeStats
← matt

Arabia

506595537Analyzed
2v2 RM · 19d ago on Sep 14, 2026· 43m 44s· 4 players
Game mode
Random Map
Map size
Medium (4 player)
Population
200
Speed
Normal
Resources
Standard
Victory
Conquest
Starting age
Dark Age
Ending age
Imperial Age
RankedLock teamsTeams togetherTeam positionsShared explorationLock speedFull tech treeHidden civsTurbo modeCheats
Victory
Defeat
🇳🇿 Dravidians · New Zealand
990
+17
🇳🇿 Lithuanians · New Zealand
955
+17
🇳🇿 Gurjaras · New Zealand
1000
-51
🇳🇿 Persians · New Zealand
1000
-51
Filthy Luca
6:49 Loom
6:53 Loom
9:53 Feudal Age
10:19 Double-Bit Axe
10:16 Horse Collar
14:25 Gold Mining
17:45 Castle Age
17:26 Gold Mining
20:49 Thumb Ring
21:32 Bow Saw
22:08 Husbandry
24:57 Fletching
26:11 Wheelbarrow
26:09 Ballistics
30:47 Bodkin Arrow
32:10 Padded Archer Armor
37:10 Imperial Age
39:45 Chemistry
Sir Jack Frost
9:26 Feudal Age
10:34 Double-Bit Axe
17:22 Bloodlines
19:53 Castle Age
17:39 Horse Collar
18:13 Forging
19:35 Scale Barding Armor
22:17 Husbandry
24:38 Chain Barding Armor
27:52 Iron Casting
matt
12:45 Loom
19:50 Feudal Age
21:14 Wheelbarrow
20:31 Town Watch
Karott
14:57 Feudal Age
13:22 Loom
15:17 Horse Collar
17:05 Wheelbarrow
17:11 Double-Bit Axe
Connection lost

Rejoining the realm…

Still unreachable

The connection could not be restored.

Session expired

The server has moved on; the page needs a fresh start.